 Dungeon Crawl Stone Soup version 0.26-a0-649-gf8c6c3aab7 (webtiles) character file.

Game seed: 13285713716404612003

673 smeego the Slasher (level 7, -1/48 HPs)
             Began as an Octopode Fighter on Sept 27, 2020.
             Slain by an ice beast (8 damage)
             ... on level 5 of the Dungeon.
             The game lasted 00:07:28 (7473 turns).

smeego the Slasher (Octopode Fighter)               Turns: 7473, Time: 00:07:29

Health: -1/48      AC:  1    Str: 17    XL:     7   Next: 59%
Magic:  7/7        EV: 12    Int: 11    God:
Gold:   322        SH: 10    Dex: 11    Spells: 6/6 levels left

rFire    . . .     SeeInvis .   a - +0 long sword
rCold    . . .     Faith    .   b - +1 kite shield
rNeg     . . .     Spirit   .   (helmet restricted)
rPois    .         Reflect  .   (no amulet)
rElec    .         Harm     .   (no ring)
rCorr    .         Rampage  .   (no ring)
MR       .....                  (no ring)
Stlth    +++.......             (no ring)
HPRegen  0.16/turn              (no ring)
MPRegen  0.10/turn              (no ring)
                                (no ring)
                                (no ring)

@: no status effects
A: almost no armour, stealthy swim, amphibious, 8 rings, constrict 8, camouflage
1, gelatinous body 1
a: no special abilities


You were on level 5 of the Dungeon.
You visited 1 branch of the dungeon, and saw 5 of its levels.

You collected 322 gold pieces.

Inventory:

Hand Weapons
 a - a +0 long sword (weapon)
 f - a +3 dagger of venom
 q - a +1 vampiric dagger
Missiles
 y - 6 boomerangs (quivered)
Armour
 b - a +1 kite shield (worn)
Jewellery
 t - an uncursed amulet of regeneration {unknown}
Wands
 r - a wand of iceblast (5)
 s - a wand of random effects (14)
 v - a wand of enslavement (5)
Scrolls
 i - 3 scrolls of magic mapping
 j - a scroll of enchant weapon
 m - 3 scrolls of teleportation
 u - a scroll of remove curse
 x - a scroll of immolation {unknown}
Potions
 c - 2 potions of might
 d - 2 potions of stabbing
 e - a potion of haste
 g - a potion of lignification
 h - a potion of heal wounds {unknown}
 k - a potion of brilliance {unknown}
 l - a potion of resistance {unknown}
 n - 3 potions of ambrosia
 p - 2 potions of flight


   Skills:
 + Level 4.0 Fighting
 * Level 4.4 Long Blades
 + Level 2.4 Throwing
 + Level 4.0 Dodging
 + Level 3.7 Stealth
 + Level 4.1 Shields
 + Level 2.5 Unarmed Combat


You had 6 spell levels left.
You didn't know any spells.
Your spell library contained the following spells:

 Spells                   Type           Power        Failure   Level
 Corona                   Hex            #......      82%         1
 Ensorcelled Hibernation  Hex/Ice        #.....       91%         2
 Confusing Touch          Hex            #.......     99%         3
 Dazzling Flash           Conj/Hex       #.....       99%         3
 Gell's Gravitas          Tloc           #.........   99%         3
 Tukima's Dance           Hex            #.......     99%         3
 Petrify                  Tmut/Erth      #.......     100%        4
 Metabolic Englaciation   Hex/Ice        #.........   100%        5
 Yara's Violent Unravell  Hex/Tmut       #.........   100%        5


Dungeon Overview and Level Annotations

Branches:
Dungeon (5/15)
 Temple: D:4-7

Altars:
Gozag
Kikubaaqudgha
Makhleb
Qazlal


Innate Abilities, Weirdness & Mutations

You cannot wear most types of armour.
You are very stealthy in the water. (Stealth+)
You are amphibious.
You can wear up to eight rings at the same time.
You can use your tentacles to constrict eight enemies at once.
Your skin changes colour to match your surroundings (Stealth+).
Your rubbery body absorbs attacks. (AC +1, EV +1)


Message History

The ice beast is moderately wounded.
You block the ice beast's attack.
The ice beast hits you but does no damage.
You barely miss the ice beast. You squeeze the ice beast.
The ice beast is heavily wounded.
The ice beast hits you. The ice beast freezes you!
You hit the ice beast.
The ice beast is heavily wounded.
The ice beast hits you. The ice beast freezes you!
You slash the ice beast!
The ice beast is almost dead.
You block the ice beast's attack.
You closely miss the ice beast.
The ice beast is almost dead.
The ice beast hits you. The ice beast freezes you!
* * * LOW HITPOINT WARNING * * *
The ice beast hits you.
* * * LOW HITPOINT WARNING * * *
The ice beast freezes you!
You die...

.....## #.####....
...#.# #.........
.....# ###.######..
....####....#
....##...##.#####
....##...[......#
..........<.....#
##...##.........####.#
.............[.Y@..[.#
....###.........######
.#### #.........# .#
#.........# ##
#.........# .
#####.###### .#
#.......# .# #.......#
.# #.......#


You could see an ice beast.

Vanquished Creatures
  A phantom (D:5)
  A scorpion (D:4)
  An orc priest (D:5)
  A centaur skeleton (D:4)
  2 hounds
  Ijyb (D:4)
  3 orc wizards
  7 worker ants
  4 adders
  A white imp (D:5)
  An ooze (D:1)
  An adder skeleton (D:3)
  An adder zombie (D:5)
  2 worms
  3 leopard geckos
  12 orcs
  6 giant cockroaches
  9 goblins
  10 hobgoblins
  8 jackals (D:1)
  A quokka (D:3)
  2 ball pythons
  5 bats
  5 frilled lizards
  A jackal zombie (D:3)
  6 kobolds
  4 rats
99 creatures vanquished.

Notes
Turn   | Place    | Note
-------+----------+-------------------------------------------
     0 | D:1      | smeego the Octopode Fighter began the quest for the Orb.
     0 | D:1      | Reached XP level 1. HP: 16/16 MP: 1/1
    38 | D:1      | Reached XP level 2. HP: 21/21 MP: 2/2
   417 | D:1      | Reached XP level 3. HP: 26/26 MP: 3/3
   433 | D:1      | Reached skill level 1 in Stealth
  1421 | D:2      | Found an opulent altar of Gozag.
  1572 | D:2      | Reached XP level 4. HP: 18/31 MP: 4/4
  1749 | D:2      | Reached skill level 1 in Unarmed Combat
  2006 | D:2      | Reached skill level 1 in Throwing
  2387 | D:3      | Found a stormy altar of Qazlal.
  2389 | D:3      | Noticed an air elemental
  2390 | D:3      | Noticed an earth elemental
  2390 | D:3      | Noticed a water elemental
  2390 | D:3      | Noticed a fire elemental
  3177 | D:3      | Reached XP level 5. HP: 15/36 MP: 5/5
  3501 | D:3      | Found a faded altar of an unknown god.
  4087 | D:4      | Noticed Ijyb
  4097 | D:4      | Killed Ijyb
  4367 | D:4      | Reached XP level 6. HP: 21/42 MP: 6/6
  5902 | D:5      | Entered Level 5 of the Dungeon
  5909 | D:5      | Reached XP level 7. HP: 33/47 MP: 7/7
  6713 | D:5      | Found a burning altar of Makhleb.
  6858 | D:5      | Found an ancient bone altar of Kikubaaqudgha.
  7473 | D:5      | Slain by an ice beast

Illustrated notes

Levels and vault maps discovered:
D:1:      roderic_dead_forest, layout_basic, skrybe_limestone_x,
          minmay_small_reverse_x
D:2:      layout_basic, grunt_gozag_breadcrumbs, hangedman_decor_lopped
D:3:      layout_basic, nicolae_qazlal_style_of_elements,
          chequers_ecumenical_altar_island
D:4:      layout_basic, minmay_misc_feat_plants, uniq_ijyb
D:5:      layout_rooms, kiku_gazebo_pond_becter, serial_shops,
          kennysheep_mini_moat, makhleb_heckhound_becter

Skill      XL: |  1  2  3  4  5  6  7 |
---------------+----------------------+-----
Stealth        | 1 2 3 |  3.7
Unarmed Combat | 1 2 |  2.5
Throwing       | 1 2 |  2.4
Long Blades    | 3 4 |  4.4
Shields        | 4 |  4.1
Fighting       | 4 |  4.0
Dodging        | 4 |  4.0

Action                   |  1- 3 |  4- 6 |  7- 9 || total
-------------------------+-------+-------+-------++-------
Melee: Long sword        |    67 |    90 |    72 ||   229
       Constrict         |    19 |    26 |     6 ||    51
       Tentacles         |    14 |    28 |    11 ||    53
       Unarmed           |       |    12 |       ||    12
       Punch             |       |     1 |     3 ||     4
       Dagger            |       |    46 |     1 ||    47
Throw: Boomerang         |       |       |    16 ||    16
Evoke: Wand              |       |       |     4 ||     4
  Use: Scroll            |       |    11 |     4 ||    15
       Potion            |       |     3 |     1 ||     4
 Stab: Sleeping          |     5 |     4 |     2 ||    11
Armor: Skin              |     9 |    24 |    14 ||    47
Dodge: Dodged            |    25 |    51 |    16 ||    92
Block: Kite shield       |    31 |    52 |    33 ||   116
       Rpst.: Long sword |     6 |    10 |     8 ||    24

Table legend: (Time is in decaauts)
 A = Elapsed time spent in this place.
 B = Non-inter-level travel time spent in this place.
 C = Inter-level travel time spent in this place.
 D = Time resting spent in this place.
 E = Time spent auto-exploring this place.
 F = Levels seen in this place.
 G = Mean time per level.
                   A        B        C        D        E       F      G
               +--------+--------+--------+--------+--------+-----+--------+
         Total |   7546 |   7268 |    278 |   2517 |   3883 |   5 | 1509.2 |
       Dungeon |   7546 |   7268 |    278 |   2517 |   3883 |   5 | 1509.2 |
               +--------+--------+--------+--------+--------+-----+--------+

Top non-repeatable levels by time:
     D:3: 1942 daAuts
     D:4: 1825 daAuts
     D:5: 1371 daAuts
     D:1: 1217 daAuts
     D:2: 1190 daAuts
